 Dungeon Crawl Stone Soup version 0.28.0 (webtiles) character file.

Game seed: 6937031119445422809

5119 Shmal the Fighter (level 10, -8/96 HPs)
             Began as a Minotaur Berserker on Feb 15, 2022.
             Was an Elder of Trog.
             Killed from afar by an electric eel (12 damage)
             ... with a bolt of electricity
             ... on level 8 of the Dungeon.
             The game lasted 00:14:56 (11652 turns).

Shmal the Fighter (Minotaur Berserker)             Turns: 11652, Time: 00:14:56

Health: -8/96      AC:  6    Str: 28    XL:     10   Next: 32%
Magic:  9/9        EV: 13    Int:  6    God:    Trog [****..]
Gold:   336        SH:  0    Dex: 12    Spells: 9/9 levels left

rFire   . . .      SeeInvis .   a - +0 hand axe
rCold   . . .      Faith    .   (no shield)
rNeg    . . .      Spirit   .   w - +0 ring mail
rPois   .          Reflect  .   (helmet restricted)
rElec   .          Harm     .   (no cloak)
rCorr   .          Rampage  .   (no gloves)
Will    .....                   (no boots)
Stlth   +.........              (no amulet)
HPRegen 0.26/turn               u - +4 ring of slaying
MPRegen 0.11/turn               g - +6 ring of strength

@: no status effects
A: horns 2, retaliatory headbutt
a: Renounce Religion, Berserk, Trog's Hand, Brothers in Arms


You were on level 8 of the Dungeon.
You worshipped Trog.
Trog was greatly pleased with you.
You visited 2 branches of the dungeon, and saw 9 of its levels.
You also visited: Sewer.

You collected 336 gold pieces.

Inventory:

Hand Weapons
 a - a +0 hand axe (weapon)
 e - a +2 spear of freezing
Armour
 t - a +0 robe of fire resistance
 w - a +0 ring mail (worn)
 y - a scarf of harm
Jewellery
 g - a +6 ring of strength (right hand)
 u - a +4 ring of slaying (left hand)
Scrolls
 c - 11 scrolls of identify {unknown}
 f - 2 scrolls of amnesia {unknown}
 h - 6 scrolls of fear {unknown}
 k - a scroll of immolation {unknown}
 l - a scroll of brand weapon {unknown}
 n - 5 scrolls of teleportation {unknown}
 p - a scroll of magic mapping {unknown}
 q - a scroll of holy word {unknown}
 r - a scroll of vulnerability {unknown}
 s - 4 scrolls of enchant armour {unknown}
 A - a scroll of fog {unknown}
Potions
 b - 2 potions of curing {unknown}
 d - a potion of degeneration {unknown}
 i - 2 potions of lignification {unknown}
 j - 3 potions of mutation {unknown}
 m - a potion of berserk rage {unknown}
 o - 2 potions of heal wounds {unknown}
 v - a potion of attraction {unknown}
 x - a potion of might {unknown}
 z - a potion of brilliance {unknown}


   Skills:
 * Level 11.6 Fighting
 + Level 11.4 Axes
 + Level 7.3 Armour
 + Level 6.7 Dodging


You had 9 spell levels left.
You didn't know any spells.
Your spell library contained the following spells:

 Spells                   Type           Power      Damage    Failure   Level
 Sandblast                Erth           0%         2d4       56%         1
 Passwall                 Tmut/Erth      0%         N/A       71%         2
 Call Canine Familiar     Summ           0%         N/A       90%         3
 Portal Projectile        Hex/Tloc       0%         N/A       90%         3
 Stone Arrow              Conj/Erth      0%         3d7       90%         3
 Animate Dead             Necr           0%         N/A       100%        4
 Leda's Liquefaction      Hex/Erth       0%         N/A       100%        4
 Borgnjor's Vile Clutch   Necr/Erth      0%         N/A       100%        5
 Summon Forest            Summ/Tloc      0%         N/A       100%        5
 Death Channel            Necr           0%         N/A       100%        6
 Eringya's Noxious Bog    Tmut/Pois      0%         N/A       100%        6
 Summon Hydra             Summ           0%         N/A       100%        7
 Discord                  Hex            0%         N/A       100%        8


Dungeon Overview and Level Annotations

Branches:
Dungeon (8/15)             Temple (1/1) D:4            Lair (0/6) D:8
  Sewer (visited)

Altars:
Ashenzari
Cheibriados
Dithmenos
Elyvilon
Fedhas
Gozag
Hepliaklqana
Kikubaaqudgha
Makhleb
Nemelex Xobeh
Okawaru
Qazlal
Ru
Sif Muna
Trog
Uskayaw
Vehumet
Wu Jian
Xom
Yredelemnul
Zin
The Shining One

Shops:
D:7 (   D:8 =


Innate Abilities, Weirdness & Mutations

You have a pair of horns on your head.
You reflexively headbutt those who attack you in melee.


Message History

You hit the wyvern. You headbutt the wyvern.
The wyvern is moderately wounded.
The wyvern bites you but does no damage.
You slash the wyvern!
The wyvern is severely wounded.
The wyvern bites you!
You slash the wyvern!
You kill the wyvern!
Trog accepts your kill.
No target in view!
No target in view!
No target in view!
No target in view!
No target in view!
No target in view!
No target in view!
No target in view!
No target in view!
The electric eel shoots out a bolt of lightning at you!
The bolt of electricity hits you!
An electric eel comes into view.
The electric eel shoots out a bolt of lightning at you!
The bolt of electricity hits you! The bolt of electricity hits you.
The electric eel shoots out a bolt of lightning at you!
The bolt of electricity hits you! x2
The electric eel shoots out a bolt of lightning at you!
The bolt of electricity misses you.
The electric eel shoots out a bolt of lightning at you!
The bolt of electricity hits you!
The electric eel shoots out a bolt of lightning at you!
The bolt of electricity hits you!
* * * LOW HITPOINT WARNING * * *
The electric eel shoots out a bolt of lightning at you!
The bolt of electricity hits you!
* * * LOW HITPOINT WARNING * * *
The bolt of electricity hits you!
* * * LOW HITPOINT WARNING * * *
The electric eel shoots out a bolt of lightning at you!
The bolt of electricity hits you!
You die...

#...#..............#
#####.##P.P.P#####.#####
#.######## #........ #.#
#........ #.# #.....)..
#.# #........ #######.#
#........
#.......########
#...≈....
#........@.....#
#........
#..≈≈≈≈≈≈≈≈≈≈≈.#
#........
#............≈.#
###.#####
#..≈≈≈≈≈≈≈≈≈.≈.# #.#
#..≈.......≈.≈.# #.#
#..≈.≈≈≈≈≈.≈.S.# #.#
##.≈.S...≈.≈.≈.# #.#
#.≈.≈.≈∩≈.≈.≈.## #.#
#.≈.≈.≈≈≈.≈.≈(.####.#


You could see 2 electric eels.

Vanquished Creatures
  A two-headed ogre (D:6)
  An ugly thing (D:8)
  5 wyverns (D:8)
  3 yaks
  4 water moccasins
  An orc warrior (D:6)
  An ice beast (D:7)
  A necrophage (D:7)
  A black bear (D:6)
  6 ogres
  3 centaurs
  2 kobold brigands (Sewer)
  2 bullfrogs
  2 scorpions (D:5)
  A centaur zombie (D:5)
  2 hounds
  7 orc priests
  A jelly (D:4)
  2 centaur skeletons (D:7)
  4 iguanas
  12 orc wizards
  3 gnolls (D:4)
  10 adders
  4 river rats (Sewer)
  3 white imps
  An ufetubus (D:6)
  A worm (D:2)
  5 dart slugs
  33 orcs
  6 endoplasms
  3 giant cockroaches
  7 goblins
  5 hobgoblins
  8 jackals
  5 quokkas
  6 ball pythons
  4 bats
  10 frilled lizards
  16 kobolds
  9 rats
201 creatures vanquished.

Vanquished Creatures (others)
  4 fungi (D:8)
  33 plants
37 creatures vanquished.

Grand Total: 238 creatures vanquished

Notes
Turn   | Place    | Note
-------+----------+-------------------------------------------
     0 | D:1      | Shmal the Minotaur Berserker began the quest for the Orb.
     0 | D:1      | Reached XP level 1. HP: 19/19 MP: 0/0
   280 | D:1      | You fall into a shaft and drop 1 floor!
   292 | D:2      | Reached XP level 2. HP: 21/27 MP: 1/1
  1071 | D:1      | Got the Guide on the Traveller and Malediction
  1108 | D:1      | Reached XP level 3. HP: 34/34 MP: 2/2
  1751 | D:2      | Found a radiant altar of Vehumet.
  1786 | D:2      | Found a faded altar of an unknown god.
  1786 | D:2      | Noticed a shining eye
  1789 | D:2      | Noticed a golden eye
  1789 | D:2      | Noticed a floating eye
  1789 | D:2      | Noticed an eye of devastation
  1993 | D:3      | Reached ** piety under Trog
  2220 | D:3      | Reached XP level 4. HP: 40/41 MP: 3/3
  2720 | D:4      | Reached skill level 5 in Fighting
  2720 | D:4      | Reached skill level 5 in Axes
  2783 | D:4      | Noticed an ogre
  2788 | D:4      | Killed an ogre
  2789 | D:4      | Reached XP level 5. HP: 48/48 MP: 4/4
  3062 | D:4      | Noticed an ogre
  3094 | D:4      | Reached XP level 6. HP: 6/57 MP: 5/5
  3755 | D:4      | HP: 3/85 [ogre (22)]
  3758 | D:4      | Reached XP level 7. HP: 4/64 MP: 6/6
  4087 | D:4      | Found a staircase to the Ecumenical Temple.
  4103 | Temple   | Entered the Ecumenical Temple
  4918 | D:5      | Entered Level 5 of the Dungeon
  5285 | D:5      | Reached *** piety under Trog
  5306 | D:5      | Found a glowing drain.
  5343 | Sewer    | Entered a sewer
  5714 | Sewer    | Reached XP level 8. HP: 66/73 MP: 7/7
  7332 | D:5      | Reached skill level 5 in Armour
  7541 | D:6      | Found a blossoming altar of Fedhas.
  7541 | D:6      | Found an ornate altar of the Wu Jian Council.
  7576 | D:6      | Reached skill level 5 in Dodging
  7596 | D:6      | Noticed a two-headed ogre
  7603 | D:6      | Killed a two-headed ogre
  7604 | D:6      | Reached XP level 9. HP: 21/83 MP: 8/8
  8717 | D:7      | Reached **** piety under Trog
  8752 | D:7      | Reached skill level 10 in Fighting
  9044 | D:7      | Found Cyoxor's Weapon Shoppe.
  9054 | D:7      | Reached skill level 10 in Axes
  9992 | D:8      | Noticed a white ugly thing
 10491 | D:8      | Reached XP level 10. HP: 77/95 MP: 9/9
 10561 | D:8      | Killed a white ugly thing
 10813 | D:8      | Found a staircase to the Lair.
 10901 | D:8      | Found Xobotyonty's Jewellery Emporium.
 11651 | D:8      | HP: 4/96 [electric eel/bolt of electricity (9)]
 11652 | D:8      | Killed from afar by an electric eel

Illustrated notes

Levels and vault maps discovered:
D:1:      dpeg_arrival_yet_another_circle, layout_loops_ring
D:2:      layout_loops_ring, hellmonk_ecumenical_altar_watching_god, basic_altar
D:3:      layout_rooms
D:4:      cheibrodos_old_hovel, layout_basic, minmay_temple_entry_tees
D:5:      layout_loops_corners, portal_sewer_entry_f
D:6:      layout_rooms, gammafunk_temple_overflow_pools
D:7:      layout_layer_cave, serial_shops, nicolae_shop_window_shopping,
          hex_large
D:8:      layout_basic, minmay_lair_entry_grove, nicolae_inconvenience_store
Temple:   mainiacjoe_temple_big_plus

Skill      XL: |  1  2  3  4  5  6  7  8  9 10 |
---------------+-------------------------------+-----
Fighting       | 4 5 6 7 9 11 | 11.6
Axes           | 4 5 6 7 9 10 11 | 11.4
Armour         | 3 4 5 6 7 |  7.3
Dodging        | 3 4 5 6 |  6.7

Action                   |  1- 3 |  4- 6 |  7- 9 | 10-12 || total
-------------------------+-------+-------+-------+-------++-------
Melee: Hand axe          |    97 |    73 |   307 |    45 ||   522
       Headbutt          |    14 |     8 |    51 |    10 ||    83
       Punch             |     1 |       |     4 |       ||     5
Invok: Berserk           |       |     3 |     7 |     1 ||    11
Armor: Animal skin       |     6 |       |       |       ||     6
       Leather armour    |    18 |    12 |    32 |       ||    62
       Ring mail         |       |       |    46 |    11 ||    57
Dodge: Dodged            |    58 |    41 |   153 |    25 ||   277
